 Dungeon Crawl Stone Soup version 0.29.1-15-g9cfb28693d (webtiles) character file.

Game seed: 15531663027995216311

41 browni3141 the Vexing (level 3, 0/26 HPs)
             Began as a Human Enchanter on Feb 26, 2023.
             Slain by an adder (1 damage)
             ... on level 1 of the Dungeon.
             The game lasted 00:02:57 (2148 turns).

browni3141 the Vexing (Human Enchanter)             Turns: 2148, Time: 00:02:58

Health: 0/26       AC:  2    Str:  8    XL:     3   Next: 75%
Magic:  4/6        EV: 12    Int: 23    God:
Gold:   50         SH:  0    Dex: 13    Spells: 4/6 levels left

rFire   . . .      SeeInvis .   e - +0 trident
rCold   . . .      Faith    .   (no shield)
rNeg    . . .      Spirit   .   b - +0 robe
rPois   .          Reflect  .   (no helmet)
rElec   .          Harm     .   (no cloak)
rCorr   .          Rampage  .   (no gloves)
Will    .....                   (no boots)
Stlth   ++........              (no amulet)
HPRegen 0.08/turn               I - +6 ring of intelligence
MPRegen 0.10/turn               (no ring)

@: lethally poisoned (0 -> -9), attractive
A: no striking features
a: no special abilities


You were on level 1 of the Dungeon.
You visited 1 branch of the dungeon, and saw 2 of its levels.

You collected 50 gold pieces.


   Skills:
 - Level 1.0 Fighting
 - Level 1.0 Short Blades
 * Level 1.6 Polearms
 - Level 2.0 Dodging
 - Level 3.0 Stealth
 - Level 2.0 Spellcasting
 - Level 3.0 Hexes
 - Level 2.0 Ice Magic


You had 4 spell levels left.
You knew the following spells:

 Your Spells              Type           Power      Damage    Failure   Level
z - Ensorcelled Hibernat  Hex/Ice        26%        N/A       7%          2

Your spell library contained the following spells:

 Spells                   Type           Power      Damage    Failure   Level
 Confusing Touch          Hex            16%        N/A       11%         3
 Tukima's Dance           Hex            16%        N/A       11%         3
 Dazzling Flash           Conj/Hex       18%        N/A       21%         3

Inventory:

Hand Weapons
 a - a +1 dagger
 e - a +0 trident (weapon)
Armour
 b - a +0 robe (worn)
Jewellery
 I - a +6 ring of intelligence (left hand)
Scrolls
 d - a scroll of enchant weapon {unknown}
 f - 2 scrolls of blinking {unknown}
 g - a scroll of amnesia {unknown}
 h - a scroll of vulnerability {unknown}
 k - a scroll of teleportation {unknown}
Potions
 c - a potion of invisibility
 j - a potion of curing {unknown}

Dungeon Overview and Level Annotations

Branches:
Dungeon (2/15)

Altars:

.................#
################.#
...[.........# #.#
############.# #.#
#......# #.# #.#
##......# #.# #.#
#.......# #.# #.#
#...########.# #.#
#.........##.# #@#
..........##.###S#
..........'.....K#
..........##.###.#
..........##.# #.#
###......###.# #.#
###......###.# #.#
..........##.# #.#
###.......##.# #.#


You could see an adder and a kobold.


Message History

You feel sick. The adder bites you.
You are more poisoned.
The adder poisons you!
The kobold hits you with a +0 short sword.
You completely miss the adder.
The adder is severely wounded.
You feel sick. The adder barely misses you. The kobold closely misses you.
The adder bites you but does no damage.
You are too injured to fight recklessly!
You are too injured to fight recklessly!
You feel sick. The kobold completely misses you.
You feel sick.
Casting: Ensorcelled Hibernation (safe; 7% risk of failure)
Confirm with . or Enter, or press ? or * to list all spells.
Aiming: Ensorcelled Hibernation (safe; 7% risk of failure)
Press: ? - help, Shift-Dir - straight line, f - adder
Aim: an adder (severely wounded, chance to affect: 55%)
The adder resists with significant effort.
You feel sick. The adder bites you.
* * * LOW HITPOINT WARNING * * *
You are lethally poisoned!
The adder poisons you! The adder bites you.
* * * LOW HITPOINT WARNING * * *
You are more poisoned.
The adder poisons you!
It was a potion of attraction.
You feel attractive to monsters.
* * * LOW HITPOINT WARNING * * *
You feel sick. The adder bites you.
You die...

Skill      XL: |  1  2  3 |
---------------+----------+-----
Fighting       | 1 |  1.0
Ice Magic      | 1 2 |  2.0
Polearms       | 1 |  1.6
Short Blades   | |  1.0
Dodging        | |  2.0
Stealth        | |  3.0
Spellcasting   | |  2.0
Hexes          | |  3.0

Action                   || total
-------------------------++-------
Melee: Dagger            ||    29
       Trident           ||    86
       Punch             ||     2
 Cast: Ensorcelled Hiber ||     1
  Use: Potion            ||     2
 Stab: Sleeping          ||     6
       Invisible         ||     1
       Distracted        ||     1
Armor: Robe              ||    20
Dodge: Dodged            ||    82

Levels and vault maps discovered:
D:1:      psy_arrival_wood_between_worlds, layout_basic
D:2:      layout_basic, ebering_ecumenical_altar_mist, uniq_sigmund,
          uniq_jessica, uniq_natasha

Notes
Turn   | Place    | Note
-------+----------+-------------------------------------------
     0 | D:1      | browni3141 the Human Enchanter began the quest for the Orb.
     0 | D:1      | Reached XP level 1. HP: 13/13 MP: 3/3
   353 | D:1      | Reached skill level 1 in Fighting
   414 | D:1      | Reached XP level 2. HP: 14/21 MP: 5/5
   417 | D:1      | Reached skill level 1 in Ice Magic
   999 | D:1      | Reached XP level 3. HP: 18/26 MP: 6/6
  1153 | D:1      | Reached skill level 1 in Polearms
  1354 | D:1      | Learned a level 2 spell: Ensorcelled Hibernation
  1549 | D:1      | Reached skill level 2 in Ice Magic
  2148 | D:1      | HP: 1/26 [poisoned by an adder]
  2148 | D:1      | Slain by an adder

Vanquished Creatures
  A dart slug (D:1)
  3 bats (D:1)
  5 endoplasms (D:1)
  A giant cockroach (D:1)
  2 goblins (D:1)
  6 hobgoblins (D:1)
  4 jackals (D:1)
  2 quokkas (D:1)
  4 ball pythons (D:1)
  2 frilled lizards (D:1)
  A kobold (D:1)
  2 rats (D:1)
33 creatures vanquished.

Table legend: (Time is in decaauts)
 A = Elapsed time spent in this place.
 B = Non-inter-level travel time spent in this place.
 C = Inter-level travel time spent in this place.
 D = Time resting spent in this place.
 E = Time spent auto-exploring this place.
 F = Levels seen in this place.
 G = Mean time per level.
                   A        B        C        D        E       F      G
               +--------+--------+--------+--------+--------+-----+--------+
         Total |   2167 |   2132 |     35 |      5 |   1861 |   2 | 1083.5 |
       Dungeon |   2167 |   2132 |     35 |      5 |   1861 |   2 | 1083.5 |
               +--------+--------+--------+--------+--------+-----+--------+

Top non-repeatable levels by time:
     D:1: 2160 daAuts
     D:2: 6 daAuts

Table legend:
 A = Non-vault XP
 B = Vault XP
 C = Vault XP percentage of total XP
 D = Non-vault monster count
 E = Vault monster count
 F = Vault count percentage of total count
                 A         B        C        D         E       F
            +---------+---------+-------+---------+---------+-------
      Total |      59 |       0 |   0.0 |      33 |       0 |   0.0
            +---------+---------+-------+---------+---------+-------
        D:1 |      59 |       0 |   0.0 |      33 |       0 |   0.0
            +---------+---------+-------+---------+---------+-------
